 Dungeon Crawl Stone Soup version 0.28.0-53-g5a82cb258f (webtiles) character file.

Game seed: 12315253827841987097

1812 styxcanada the Covert (level 8, -3/63 HPs)
             Began as a Spriggan Brigand on June 7, 2022.
             Was an Initiate of Gozag.
             Slain by a wight
             ... wielding a +0 halberd
              (6 damage)
             ... on level 6 of the Dungeon on June 8, 2022.
             The game lasted 00:27:28 (8366 turns).

styxcanada the Covert (Spriggan Brigand)            Turns: 8366, Time: 00:27:29

Health: -3/63      AC:  5    Str:  7    XL:     8   Next: 84%
Magic:  14/14      EV: 24    Int: 13    God:    Gozag
Gold:   311        SH:  0    Dex: 18    Spells: 12/14 levels left

rFire   + . .      SeeInvis +   w - +2 short sword (venom)
rCold   . . .      Faith    +   (no shield)
rNeg    . . .      Spirit   .   u - +2 robe {Will+}
rPois   .          Reflect  .   (helmet restricted)
rElec   .          Harm     .   c - +0 cloak
rCorr   .          Rampage  .   (gloves unavailable)
Will    ++...                   (boots unavailable)
Stlth   ..........              l - amulet of faith
HPRegen 0.20/turn               m - +4 ring of evasion
MPRegen 0.14/turn               z - ring of protection from fire

@: berserking (expiring), gold aura, very quick
A: very small, no large weapons, unfitting armour, see invisible, speed 3
a: Renounce Religion, Potion Petition, Call Merchant, Bribe Branch


You were on level 6 of the Dungeon.
You worshipped Gozag.
Gozag was aware of your devotion.
You visited 2 branches of the dungeon, and saw 7 of its levels.

You collected 435 gold pieces.
You paid 124 gold pieces to Gozag.

Inventory:

Hand Weapons
 a - a +2 dagger of freezing
 b - a +4 quarterstaff of chaos
 o - a +4 short sword
 w - a +2 short sword of venom (weapon)
Missiles
 d - 7 poisoned darts (quivered)
 e - 2 curare-tipped darts
 j - 33 sling bullets
 n - 151 stones
Armour
 c - a +0 cloak (worn)
 k - a scarf of shadows
 u - a +2 robe of willpower (worn)
Jewellery
 f - a ring of magical power
 l - an amulet of faith (around neck)
 m - a +4 ring of evasion (left hand)
 z - a ring of protection from fire (right hand)
Wands
 p - a wand of iceblast (10)
 y - a wand of charming (5)
Scrolls
 h - 2 scrolls of teleportation
 i - 4 scrolls of identify
 q - 2 scrolls of immolation
 r - 3 scrolls of fear
Potions
 g - a potion of berserk rage
 s - 2 potions of might
 x - a potion of lignification


   Skills:
 * Level 3.6 Fighting
 + Level 5.5 Short Blades
 + Level 3.4 Throwing
 * Level 5.5 Dodging
 * Level 9.8 Stealth
 * Level 3.8 Spellcasting
 * Level 2.7 Fire Magic
 * Level 4.8 Evocations


You had 12 spell levels left.
You knew the following spells:

 Your Spells              Type           Power      Damage    Failure   Level
a - Scorch                Fire           18%        2d6       11%         2

Your spell library contained the following spells:

 Spells                   Type           Power      Damage    Failure   Level
 Beastly Appendage        Tmut           4%         N/A       22%         1
 Magic Dart               Conj           8%         1d3       22%         1
 Call Imp                 Summ           2%         N/A       32%         2
 Wereblood                Tmut           2%         N/A       32%         2
 Mephitic Cloud           Conj/Pois/Air  2%         N/A       54%         3
 Spider Form              Tmut/Pois      2%         N/A       54%         3
 Flame Wave               Conj/Fire      6%         2d5       77%         4
 Summon Cactus Giant      Summ           1%         N/A       100%        6


Dungeon Overview and Level Annotations

Branches:
Dungeon (6/15)             Temple (1/1) D:6

Altars:
Ashenzari
Elyvilon
Gozag
Hepliaklqana
Okawaru
Trog
Uskayaw
Vehumet
Xom
Zin


Innate Abilities, Weirdness & Mutations

You are very small and have problems with some larger weapons.
You are too small for most types of armour.
You have supernaturally acute eyesight. (SInv)
You cover ground extremely quickly. (Speed+++)


Message History

You destroy Menkaure!
You closely miss the wight. The wight completely misses you. x2
You barely miss the wight. You closely miss the wight. The wight misses you.
The wight completely misses you.
You hit the wight.
The wight is heavily damaged.
The wight barely misses you.
You hit the wight.
The wight is severely damaged.
The wight completely misses you.
You puncture the wight!
You destroy the wight!
The wight misses you.
The wight is no longer distracted by gold.
The wight misses you.
There is an open door here.
Things that are here:
15 gold pieces; a +2 mace; a +0 robe You hit the wight.
The wight is moderately damaged.
The wight is distracted by your dazzling golden aura.
You puncture the wight!
The wight is heavily damaged.
The wight barely misses you.
You hit the wight.
The wight is almost destroyed.
The wight hits you with a +0 spear.
* * * LOW HITPOINT WARNING * * *
You barely miss the wight.
The wight is almost destroyed.
You hit the wight.
You destroy the wight!
The wight is no longer distracted by gold.
The wight completely misses you.
You puncture the wight!
The wight is almost destroyed.
The wight hits you with a +0 halberd.
You die...
Your body crumbles into a pile of gold.

...........#
...........#
.).........####
..........)...
....<......(#
............#
............#
........z$..#
........#@###
.....z..#.##### #.#.#
#...#####.....# #.#.#
#.. #########.###.#.#
+. +.............#.#
#######
#..........#..#.#
##....#
+........!....#.#
......#
#.............#.######
...>..#
#.............#......#


You could see a wight.

Vanquished Creatures
  Pikel (D:5)
  Menkaure (D:6)
  An ice beast (D:5)
  3 ogres
  A water moccasin zombie (D:5)
  3 killer bees (D:5)
  4 wights (D:6)
  A centaur zombie (D:5)
  A bullfrog skeleton (D:6)
  A bullfrog zombie (D:6)
  An orc priest (D:6)
  Crazy Yiuf (D:5)
  2 hounds
  3 iguanas
  An orc wizard (D:5)
  A scorpion zombie (D:5)
  A howler monkey skeleton (D:6)
  9 adders
  A shadow imp (D:6)
  A white imp (D:5)
  3 ufetubi
  A worm (D:2)
  4 dart slugs
  12 orcs
  6 endoplasms
  5 giant cockroaches
  9 goblins
  8 hobgoblins
  5 jackals
  5 ball pythons (D:1)
  6 bats
  3 frilled lizards
  11 kobolds
  3 rats
  A spectral hobgoblin (D:1)
120 creatures vanquished.

Vanquished Creatures (others)
  A plant (D:6)
1 creature vanquished.

Grand Total: 121 creatures vanquished

Notes
Turn   | Place    | Note
-------+----------+-------------------------------------------
     0 | D:1      | styxcanada the Spriggan Brigand began the quest for the
                  | Orb.
     0 | D:1      | Reached XP level 1. HP: 10/10 MP: 2/2
    17 | D:1      | Reached skill level 6 in Stealth
    99 | D:1      | Reached XP level 2. HP: 14/14 MP: 3/3
   104 | D:1      | Found a faded altar of an unknown god.
   584 | D:1      | Reached skill level 7 in Stealth
   675 | D:1      | You fall into a shaft and drop 1 floor!
   782 | D:1      | Reached XP level 3. HP: 18/18 MP: 4/4
  1792 | D:2      | Reached XP level 4. HP: 21/23 MP: 5/5
  2703 | D:3      | HP: 1/23 [kobold/+4 short sword (9)]
  3184 | D:3      | Learned a level 2 spell: Scorch
  3623 | D:4      | Reached XP level 5. HP: 26/26 MP: 6/6
  3773 | D:4      | Noticed an ogre
  3811 | D:4      | Killed an ogre
  3812 | D:4      | Reached skill level 8 in Stealth
  3812 | D:4      | Reached skill level 1 in Spellcasting
  4371 | D:4      | Reached skill level 1 in Evocations
  4456 | D:4      | Reached XP level 6. HP: 22/31 MP: 8/8
  4584 | D:4      | Reached skill level 1 in Fire Magic
  4840 | D:4      | Found a hazy altar of Hepliaklqana.
  4915 | D:5      | Entered Level 5 of the Dungeon
  5097 | D:5      | Found a runed translucent door.
  5098 | D:5      | Noticed Crazy Yiuf
  5384 | D:5      | Killed Crazy Yiuf
  5520 | D:5      | Reached XP level 7. HP: 35/35 MP: 11/11
  5858 | D:5      | Reached skill level 9 in Stealth
  5996 | D:5      | Noticed Pikel
  6169 | D:5      | HP: 1/35 [Pikel/+0 whip of freezing (4)]
  6174 | D:5      | Killed Pikel
  6175 | D:5      | Reached XP level 8. HP: 1/40 MP: 13/13
  7215 | D:6      | Reached skill level 5 in Short Blades
  7505 | D:6      | Found a staircase to the Ecumenical Temple.
  7516 | Temple   | Entered the Ecumenical Temple
  7660 | Temple   | Became a worshipper of Gozag Ym Sagoz the Greedy
  7722 | D:6      | Reached skill level 5 in Dodging
  8334 | D:6      | Noticed Menkaure
  8353 | D:6      | Killed Menkaure
  8363 | D:6      | HP: 2/61 [wight/+0 spear (5)]
  8366 | D:6      | Slain by a wight

Illustrated notes

Levels and vault maps discovered:
D:1:      dpeg_arrival_three_bigger_balls, layout_basic,
          dreamdust_ecumenical_altar_drowned_temple, minivault_5
D:2:      layout_basic
D:3:      layout_basic, small_statue_intersection, chequers_jeans,
          chequers_serial_rivers_small_a, kennysheep_generic_room_8
D:4:      layout_loops_corners, nicolae_hepliaklqana_hippocampus
D:5:      layout_cave_pods, nicolae_concentric_dashed_squares_mild,
          grunt_ministairs_3, corexii_checkpoint_b, minmay_misc_feat_ornament,
          item_on_display_a, uniq_pikel, uniq_crazy_yiuf_cottage
D:6:      layout_basic, temple_pool_b, serial_bayou, serial_bayou_pond_e,
          serial_bayou_pond_c, serial_bayou_ford_a, serial_bayou_crossing,
          uniq_menkaure
Temple:   mainiacjoe_temple_trianglar_array

Skill      XL: |  1  2  3  4  5  6  7  8 |
---------------+-------------------------+-----
Stealth        | 6 7 8 9 |  9.8
Fighting       | 2 3 |  3.6
Dodging        | 2 3 4 5 |  5.5
Short Blades   | 3 4 5 |  5.5
Spellcasting   | 1 2 3 |  3.8
Evocations     | 1 2 3 4 |  4.8
Fire Magic     | 1 2 |  2.7
Throwing       | 3 |  3.4

Action                   |  1- 3 |  4- 6 |  7- 9 || total
-------------------------+-------+-------+-------++-------
Melee: Dagger            |   117 |    54 |       ||   171
       Punch             |     1 |     1 |     4 ||     6
       Short sword       |       |    69 |   174 ||   243
Throw: Dart              |    18 |    30 |     5 ||    53
       Stone             |       |       |     1 ||     1
 Cast: Scorch            |       |     1 |       ||     1
Evoke: Wand              |       |     3 |     1 ||     4
  Use: Scroll            |     3 |     7 |     5 ||    15
       Potion            |       |       |     1 ||     1
 Stab: Sleeping          |    10 |     8 |     5 ||    23
       Distracted        |       |     1 |       ||     1
Armor: Robe              |    12 |     9 |    23 ||    44
Dodge: Dodged            |   105 |    99 |   169 ||   373
